 Dungeon Crawl Stone Soup version 0.30-a0-949-g53dc5368d7 (webtiles) character file.

Game seed: 1753716991547031727

373 Jackthecabe the Trooper (level 7, 0/53 HPs)
             Began as a Djinni Hedge Wizard on Mar 27, 2023.
             Slain by an adder (1 damage)
             ... on level 5 of the Dungeon.
             The game lasted 00:10:53 (4709 turns).

Jackthecabe the Trooper (Djinni Hedge Wizard)       Turns: 4709, Time: 00:10:53

Health: 0/53       AC:  3    Str:  9    XL:     7   Next: 3%
Gold:   304        EV: 12    Int: 17    God:
                   SH:  0    Dex: 13

rFire   + + .      SeeInvis .    a - +0 dagger
rCold   x . .      Faith    .    (no shield)
rNeg    . . .      Spirit   .    b - +0 robe
rPois   ∞          Reflect  .    c - +0 hat
rElec   .          Rampage  .    q - +0 cloak
rCorr   .                        (no gloves)
Will    .....                    (boots unavailable)
Stlth   ++                       (no amulet)
HPRegen 0.28/turn                (no ring)
MPRegen 0.00/turn                (no ring)

@: flying
A: sickness immunity, fire resistance 2, cold vulnerability 1, float, innate
caster, HP casting, extra vitality 1
a: no special abilities


You were on level 5 of the Dungeon.
You visited 1 branch of the dungeon, and saw 5 of its levels.

You collected 304 gold pieces.


Innate Abilities, Weirdness & Mutations

You are immune to sickness and miasma.
You are immune to poison.
Your flesh is very heat resistant. (rF++)
You are vulnerable to cold. (rC-)
You float through the air rather than walking.
You learn spells naturally, not from books.
Your magical power is your life essence.
You have superior vitality. (+4 MHP)


   Skills:
 + Level 4.9 Fighting
 - Level 2.1 Dodging
 - Level 1.5 Stealth
 + Level 4.0 Spellcasting


You knew the following spells:

 Your Spells              Type           Power      Damage    Failure   Level
a - Passwall              Tmut/Erth      14%        N/A       4%          2
c - Call Imp              Summ           17%        N/A       4%          2
d - Mephitic Cloud        Conj/Pois/Air  17%        N/A       9%          3
f - Freeze                Ice            68%        1d8       3%          1
m - Magic Dart            Conj           68%        1d6       3%          1
s - Slow                  Hex            68%        N/A       3%          1
w - Wereblood             Tmut           17%        N/A       4%          2
B - Blink                 Tloc           34%        N/A       4%          2
Your spell library was empty.

Inventory:

Hand Weapons
 a - a +0 dagger (weapon)
Missiles
 w - a throwing net {=f}
Armour
 b - a +0 robe (worn)
 c - a +0 hat (worn)
 q - a +0 cloak (worn)
Magical Staves
 d - a staff of fire {!a}
 i - a staff of cold {!a}
 s - a staff of air {!a}
Scrolls
 e - 3 scrolls of fog {unknown}
 f - 3 scrolls of noise {unknown}
 h - a scroll of poison {unknown}
 l - 2 scrolls of teleportation {unknown}
 n - a scroll of immolation {unknown}
 r - a scroll of fear {unknown}
 v - 3 scrolls of identify {unknown}
 y - a scroll of magic mapping {unknown}
Potions
 g - a potion of resistance {unknown}
 j - 2 potions of haste {unknown}
 k - a potion of cancellation {unknown}
 m - 3 potions of degeneration {unknown}
 o - 2 potions of magic
 p - a potion of flight {unknown}
 t - 2 potions of might {unknown}
 u - a potion of curing {unknown}
 x - 2 potions of mutation {unknown}

Dungeon Overview and Level Annotations

Branches:
Dungeon (5/15)
 Temple: D:4-7

Altars:
Cheibriados
Zin

)..# ..# ..# .)# #.##
#..# #o.# ### ###S.######
#.## ###.@oo.....# #..##
####....#.......
##...#####.....####).##..
#<...##........## .... .
#...............# #.....
#......##........# .....
#....####.........# #....
#...># #.........# ....
#....# #..........#


You could see an adder and 3 orcs.


Message History

The adder bites you but does no damage. The adder misses you.
The orc closely misses you. The orc barely misses you. x2
The orc hits you with a +0 flail.
* * * LOW HITPOINT WARNING * * *
You hit the orc but do no damage.
The orc is almost dead.
The adder bites you but does no damage. The orc barely misses you.
The orc hits you but does no damage. The orc hits you with a +0 mace.
* * * LOW HITPOINT WARNING * * *
The orc hits you with a +0 flail.
* * * LOW HITPOINT WARNING * * *
You hit the orc.
You kill the orc!
The adder bites you.
* * * LOW HITPOINT WARNING * * *
The orc closely misses you. The orc hits you with a +0 short sword.
* * * LOW HITPOINT WARNING * * *
The orc barely misses you. The orc attacks as you move away!
The orc hits you with a +0 mace.
* * * LOW HITPOINT WARNING * * *
The orc attacks as you move away! The orc closely misses you.
The orc attacks as you move away! The orc hits you with a +0 flail.
* * * LOW HITPOINT WARNING * * *
The adder bites you but does no damage. The adder bites you.
* * * LOW HITPOINT WARNING * * *
Things that are here:
a +0 club; a +1 leather armour of cold resistance; an orc corpse It was a potion of magic.
Magic washes over you without effect. The adder bites you.
You die...

Skill      XL: |  1  2  3  4  5  6 |
---------------+-------------------+-----
Fighting       | 1 2 3 4 |  4.9
Spellcasting   | 3 4 |  4.0
Dodging        | |  2.1
Stealth        | |  1.5

Action                     |  1- 3 |  4- 6 |  7- 9 || total
---------------------------+-------+-------+-------++-------
  Melee: Dagger            |   171 |   171 |    19 ||   361
         Punch             |     3 |     2 |       ||     5
   Cast: Call Imp          |    10 |    28 |     3 ||    41
         Freeze            |       |     8 |       ||     8
         Magic Dart        |       |    33 |       ||    33
         Mephitic Cloud    |       |     9 |     1 ||    10
         Blink             |       |     1 |       ||     1
    Use: Potion            |       |       |     1 ||     1
   Stab: Sleeping          |     1 |     2 |       ||     3
         Distracted        |     1 |       |       ||     1
         Confused          |       |     4 |       ||     4
 Armour: Robe              |    31 |    25 |     7 ||    63
  Dodge: Dodged            |   112 |   146 |    35 ||   293

Levels and vault maps discovered:
D:1:      ncdulo_wetmaze, layout_basic
D:2:      layout_rooms, basic_altar, minmay_pentomino_w2
D:3:      layout_loops_ring, mainiacjoe_overflow_tiny_flanked,
          nicolae_eternal_life
D:4:      layout_rooms
D:5:      layout_cave_pods, kennysheep_small_square

Notes
Turn   | Place    | Note
-------+----------+-------------------------------------------
     0 | D:1      | Jackthecabe the Djinni Hedge Wizard began the quest for the
                  | Orb.
     0 | D:1      | Jackthecabe set off with the following spells memorised:
                  | Magic Dart, Slow, Blink, Call Imp, Mephitic Cloud.
     0 | D:1      | Reached XP level 1. HP: 15/15 MP: 0/0
   197 | D:1      | Reached skill level 1 in Fighting
   242 | D:1      | Reached XP level 2. HP: 9/22 MP: 0/0
   505 | D:1      | Reached skill level 2 in Fighting
   768 | D:1      | Reached XP level 3. HP: 23/29 MP: 0/0
   768 | D:1      | Learned a level 1 spell: Freeze
  1233 | D:2      | Found a glowing silver altar of Zin.
  1372 | D:2      | Reached XP level 4. HP: 20/34 MP: 0/0
  1377 | D:2      | Reached skill level 3 in Fighting
  1762 | D:2      | Reached skill level 3 in Spellcasting
  2004 | D:3      | Reached XP level 5. HP: 38/40 MP: 0/0
  2004 | D:3      | Learned a level 2 spell: Passwall
  2555 | D:3      | Found a snail-covered altar of Cheibriados.
  2794 | D:4      | Reached skill level 4 in Fighting
  3246 | D:3      | Reached XP level 6. HP: 22/47 MP: 0/0
  4446 | D:4      | Reached skill level 4 in Spellcasting
  4450 | D:4      | Reached XP level 7. HP: 34/53 MP: 0/0
  4450 | D:4      | Learned a level 2 spell: Wereblood
  4664 | D:5      | Entered Level 5 of the Dungeon
  4708 | D:5      | HP: 5/53 [orc/+0 flail (4)]
  4708 | D:5      | HP: 1/53 [adder (4)]
  4709 | D:5      | Slain by an adder

Vanquished Creatures
  A scorpion (D:4)
  A gnoll bouda (D:4)
  An iguana (D:3)
  8 gnolls
  4 adders (D:2)
  A worm (D:3)
  3 dart slugs
  3 orcs
  4 ball pythons
  An endoplasm (D:1)
  3 giant cockroaches
  3 goblins
  8 hobgoblins
  4 jackals (D:1)
  A kobold (D:2)
  4 quokkas
  2 bats
  4 frilled lizards
  4 rats
60 creatures vanquished.

Vanquished Creatures (collateral kills)
  4 gnolls (D:4)
  2 adders
  A worm (D:2)
  4 orcs
  A bat (D:2)
  2 endoplasms (D:4)
  A giant cockroach (D:2)
  2 goblins
  4 hobgoblins
  2 kobolds (D:2)
23 creatures vanquished.

Grand Total: 83 creatures vanquished

Table legend: (Time is in decaauts)
 A = Elapsed time spent in this place.
 B = Non-inter-level travel time spent in this place.
 C = Inter-level travel time spent in this place.
 D = Time resting spent in this place.
 E = Time spent auto-exploring this place.
 F = Levels seen in this place.
 G = Mean time per level.
                   A        B        C        D        E       F      G
               +--------+--------+--------+--------+--------+-----+--------+
         Total |   4715 |   4568 |    147 |   1148 |   2477 |   5 |  943.0 |
       Dungeon |   4715 |   4568 |    147 |   1148 |   2477 |   5 |  943.0 |
               +--------+--------+--------+--------+--------+-----+--------+

Top non-repeatable levels by time:
     D:3: 1633 daAuts
     D:1: 1171 daAuts
     D:4: 938 daAuts
     D:2: 927 daAuts
     D:5: 44 daAuts

Table legend:
 A = Non-vault XP
 B = Vault XP
 C = Vault XP percentage of total XP
 D = Non-vault monster count
 E = Vault monster count
 F = Vault count percentage of total count
                 A         B        C        D         E       F
            +---------+---------+-------+---------+---------+-------
      Total |     532 |       2 |   0.4 |      82 |       1 |   1.2
            +---------+---------+-------+---------+---------+-------
        D:1 |      40 |       0 |   0.0 |      21 |       0 |   0.0
        D:2 |      93 |       2 |   2.1 |      19 |       1 |   5.0
        D:3 |      89 |       0 |   0.0 |      15 |       0 |   0.0
        D:4 |     295 |       0 |   0.0 |      22 |       0 |   0.0
        D:5 |      15 |       0 |   0.0 |       5 |       0 |   0.0
            +---------+---------+-------+---------+---------+-------
